 Dungeon Crawl Stone Soup version 0.20.0-8-g6b59dc7 (webtiles) character file.

157 Chiseanne the Magician (level 5, 20/35 HPs)
             Began as a Demonspawn Wizard on June 1, 2017.
             Quit the game on level 4 of the Dungeon.
             The game lasted 00:05:57 (3845 turns).

Chiseanne the Magician (Demonspawn Wizard)          Turns: 3845, Time: 00:05:58

Health: 20/35      AC:  3    Str:  8    XL:     5   Next: 15%
Magic:  0/11       EV: 12    Int: 20    God:
Gold:   164        SH:  0    Dex: 11    Spells: 3/12 levels left

rFire    . . .     SeeInvis .   a - +1 hand axe
rCold    . . .     Gourm    .   (no shield)
rNeg     . . .     Faith    .   j - +0 robe
rPois    .         Spirit   +   (helmet restricted)
rElec    .         Reflect  .   (no cloak)
rCorr    .         Harm     .   m - +0 pair of gloves
MR       .....                  (no boots)
Stlth    ++........             (no amulet)
Regen    0.2/turn               u - ring of wizardry
MPRegen  0.2/turn               (no ring)

@: no status effects
A: antennae 1, talons 1, magic shield
a: no special abilities


You were on level 4 of the Dungeon.
You were not hungry.

You visited 1 branch of the dungeon, and saw 4 of its levels.

You collected 164 gold pieces.

Inventory:

Hand Weapons
 a - a +1 hand axe (weapon)
Missiles
 e - 197 stones (quivered)
 i - 74 sling bullets
 o - 13 poisoned needles
 s - 26 arrows
Armour
 g - a +1 helmet
 j - a +0 robe (worn)
 m - a +0 pair of gloves (worn)
Jewellery
 u - a ring of wizardry (left hand)
Scrolls
 f - 2 scrolls of teleportation
Potions
 b - 3 potions of mutation {unknown}
 h - 2 potions of brilliance {unknown}
 l - a potion of resistance {unknown}
 n - a potion of heal wounds {unknown}
 r - a potion of curing {unknown}
 t - a potion of degeneration {unknown}
Comestibles
 c - 7 fruits
 d - 4 bread rations
 k - 6 meat rations
 p - 6 chunks of flesh


   Skills:
 - Level 1.7 Dodging
 - Level 1.7 Stealth
 * Level 4.4 Spellcasting
 * Level 3.6 Conjurations
   Level 1.0 Summonings
 - Level 0.8 Translocations


You had 3 spell levels left.
You knew the following spells:

 Your Spells              Type           Power        Failure   Level  Hunger
a - Magic Dart            Conj           ###.         1%          1    None
b - Blink                 Tloc           N/A          5%          2    #......
c - Conjure Flame         Conj/Fire      ##......     8%          3    ###....
d - Mephitic Cloud        Conj/Pois/Air  #.......     9%          3    ###....


Dungeon Overview and Level Annotations

Branches:
Dungeon (4/15)
 Temple: D:4-7

Altars:
Sif Muna


Innate Abilities, Weirdness & Mutations

You have a pair of small antennae on your head.
You have sharp toenails.
When hurt, damage is shared between your health and your magic reserves.


Message History

You don't have enough magic to cast that spell.
You hit the centaur skeleton.
You claw the centaur skeleton, but do no damage.
The centaur skeleton is severely damaged.
You hear the slow hiss of a distant avalanche of sand.
The centaur skeleton hits you.
The centaur skeleton closely misses you.
You hit the centaur skeleton but do no damage.
The centaur skeleton is severely damaged.
The centaur skeleton closely misses you.
You hit the centaur skeleton.
The centaur skeleton is almost destroyed.
The centaur skeleton hits you. x2
You hit the centaur skeleton.
You destroy the centaur skeleton!
You have reached level 5!
Your demonic ancestry asserts itself...
A pair of antennae grows on your head!
Your +1 helmet falls away!
Are you sure you want to abandon this character and quit the game? (Confirm with "yes".)

#........#
......... .
#........
.Z..#####.......<
................?
.%..#####..####.
. ..........#
.#######..##
##.@# #..# #..#
#######..##
..........#+###
########......#
#......# #...>..#
###......#


There were no monsters in sight!

Vanquished Creatures
  A centaur skeleton (D:4)
  3 gnolls (D:2)
  2 adders (D:2)
  An ooze (D:1)
  2 worms
  A dart slug (D:1)
  4 leopard geckos
  An orc (D:4)
  2 giant cockroaches
  5 goblins
  12 hobgoblins
  5 jackals
  A quokka (D:2)
  7 bats
  9 frilled lizards
  6 kobolds
  10 rats
72 creatures vanquished.

Notes
Turn   | Place    | Note
-------+----------+-------------------------------------------
     0 | D:1      | Chiseanne the Demonspawn Wizard began the quest for the Orb.
     0 | D:1      | Reached XP level 1. HP: 13/13 MP: 4/4
   450 | D:1      | Gained mutation: When hurt, damage is shared between your health and your magic reserves. [demonic ancestry]
   450 | D:1      | Reached XP level 2. HP: 19/19 MP: 3/6
  1274 | D:2      | Reached XP level 3. HP: 24/24 MP: 1/8
  1337 | D:2      | Learned a level 2 spell: Blink
  1341 | D:2      | Learned a level 3 spell: Conjure Flame
  1345 | D:2      | Learned a level 3 spell: Mephitic Cloud
  2263 | D:2      | Gained mutation: You have sharp toenails. [demonic ancestry]
  2263 | D:2      | Reached XP level 4. HP: 30/30 MP: 7/9
  2425 | D:2      | Found a deep blue altar of Sif Muna.
  2698 | D:2      | Reached skill level 4 in Spellcasting
  3844 | D:4      | Gained mutation: You have a pair of small antennae on your head. [demonic ancestry]
  3844 | D:4      | Reached XP level 5. HP: 20/35 MP: 0/11
  3845 | D:4      | Quit the game

Skill      XL: |  1  2  3  4 |
---------------+-------------+-----
Conjurations   | 2 3 |  3.6
Spellcasting   | 4 |  4.4
Dodging        | |  1.7
Stealth        | |  1.7
Summonings     | |  1.0
Translocations | |  0.8

Action                   |  1- 3 |  4- 6 || total
-------------------------+-------+-------++-------
Melee: Hand axe          |    17 |    13 ||    30
       Dagger            |     7 |       ||     7
       Kick              |       |     1 ||     1
 Cast: Magic Dart        |   109 |    78 ||   187
       Mephitic Cloud    |       |     1 ||     1
  Use: Scroll            |     2 |     5 ||     7
  Eat: Chunk             |     4 |     5 ||     9
Armor: Robe              |    14 |     3 ||    17
Dodge: Dodged            |    25 |    17 ||    42
